cohdb
Replays
Latest Replays
All Replays
Popular Replays
Top Player Replays
Match Explorer
How It Works
Community
CoH3 Stats
Reddit
Sign in to upload your games and track your stats! →
Sign in with Steam
Match 42440468
Unlisted
Match 42440468
Overview
Messages
Build Orders
End
Panzergrenadier Squad
Selects Armored Support Battlegroup
Panzerpioneer Squad
250 Light Carrier
Construct Light Support Kompanie
MG34 Team
Selects Veteran Gunners
MG34 Team
Fire Support Elements
Flakvierling Half-track
Selects Salvage Kits
Panzerjäger Mechanized Group
Vehicle Survival Package
Combat Half-tracks
Pak 38 Anti-tank Gun Team
Construct Panzerarmee Kommand
Emergency Repair Kits
Selects Flammpanzer III Medium Tank
Walking Stuka Rocket Launcher
Panzer III L Medium Tank
Rapid Advance
Panzer III L Medium Tank
Dave
SickOFCauger
LALO SALAMANCA
Fat Lee
0
0
Comments
sign in to comment!
No comments posted yet!